 Dungeon Crawl Stone Soup version 0.24.0-124-g2791043dd8 (webtiles) character file.

Game seed: 10655349409918350112, levelgen mode: deterministic

31144 Krapule the Fighter (level 13, -8/106 HPs)
             Began as a Minotaur Fighter on Feb 14, 2020.
             Was a Priest of Hepliaklqana.
             Mangled by a meliai
             ... wielding a +0 vampiric war axe
              (9 damage)
             ... on level 11 of the Dungeon on Feb 15, 2020.
             The game lasted 01:05:51 (16386 turns).

Krapule the Fighter (Minotaur Fighter)             Turns: 16386, Time: 01:05:53

Health: -8/106     AC: 24    Str: 23    XL:     13   Next: 24%
Magic:  26/26      EV: 15    Int:  9    God:    Hepliaklqana [***...]
Gold:   89         SH: 12    Dex:  9    Spells: 12/12 levels left

rFire    . . .     SeeInvis .   q - +6 eveningstar (holy)
rCold    . . .     Gourm    .   c - +0 shield
rNeg     . . .     Faith    .   s - +4 plate armour
rPois    .         Spirit   .   Q - +2 hat {MR+}
rElec    .         Reflect  .   (no cloak)
rCorr    .         Harm     .   E - +0 pair of gloves
MR       +....                  P - +0 pair of boots
Stlth    ..........             G - amulet of magic regeneration
HPRegen  0.27/turn              t - ring of magical power
MPRegen  0.45/turn              O - +5 ring of evasion

@: no status effects
A: retaliatory headbutt, reduced essence, horns 2
a: Recall Ancestor, Ancestor Identity, Transference, Renounce Religion


You were on level 11 of the Dungeon.
You worshipped Hepliaklqana.
Hepliaklqana was most pleased with you.
You were not hungry.

You visited 3 branches of the dungeon, and saw 14 of its levels.
You also visited: Sewer and Ice Cave.

You collected 1620 gold pieces.
You spent 1531 gold pieces at shops.

Inventory:

Hand Weapons
 a - a +2 flail of crushing
 b - a +0 whip of draining
 q - a +6 eveningstar of holy wrath (weapon)
 R - a +2 dire flail of protection
Armour
 c - a +0 shield (worn)
 s - a +4 plate armour (worn)
 E - a +0 pair of gloves (worn)
 F - a +0 cloak
 M - a +0 scale mail of fire resistance
 P - a +0 pair of boots (worn)
 Q - a +2 hat of magic resistance (worn)
Jewellery
 t - a ring of magical power (left hand)
 G - an amulet of magic regeneration (around neck)
 O - a +5 ring of evasion (right hand)
Wands
 y - a wand of iceblast (25)
 A - a wand of flame (5)
 I - a wand of paralysis (16)
 J - a wand of acid (24)
Scrolls
 g - 4 scrolls of teleportation
 j - a scroll of identify
 l - a scroll of blinking
 m - a scroll of enchant armour
 n - a scroll of magic mapping
 o - 4 scrolls of remove curse
 r - 2 scrolls of immolation {unknown}
 u - 2 scrolls of fog
 w - 3 scrolls of fear
 C - a scroll of random uselessness {unknown}
 D - 3 scrolls of amnesia
Potions
 d - 2 potions of might
 e - 5 potions of agility
 h - 10 potions of curing
 i - 3 potions of resistance
 k - 2 potions of magic
 p - 2 potions of mutation
 v - 2 potions of brilliance
 x - 8 potions of heal wounds
 z - a potion of flight
 B - 3 potions of berserk rage
 H - 2 potions of lignification
 K - a potion of haste {unknown}
 L - a potion of ambrosia {unknown}
Comestibles
 f - 21 rations


   Skills:
 + Level 12.0 Fighting
 + Level 11.8 Maces & Flails
 + Level 12.0 Armour
 + Level 10.5 Dodging
 + Level 12.0 Shields
 + Level 7.1 Invocations


You had 12 spell levels left.
You didn't know any spells.
Your spell library contained the following spells:

 Spells                   Type           Power        Failure   Level  Hunger
 Animate Skeleton         Necr           N/A          99%         1    ##.....
 Magic Dart               Conj           #...         99%         1    ##.....
 Pain                     Necr           #...         99%         1    ##.....
 Blink                    Tloc           N/A          100%        2    ###....
 Call Imp                 Summ           #.......     100%        2    ###....
 Ensorcelled Hibernation  Hex/Ice        #.....       100%        2    ###....
 Slow                     Hex            #.......     100%        2    ###....
 Conjure Flame            Conj/Fire      #.......     100%        3    ####...
 Mephitic Cloud           Conj/Pois/Air  #.......     100%        3    ####...
 Regeneration             Chrm/Necr      #.........   100%        3    ####...
 Vampiric Draining        Necr           #.........   100%        3    ####...
 Animate Dead             Necr           N/A          100%        4    #####..
 Bolt of Draining         Conj/Necr      #.........   100%        5    ######.
 Metabolic Englaciation   Hex/Ice        #.........   100%        5    ######.
 Ozocubu's Refrigeration  Ice            #.........   100%        6    #######


Dungeon Overview and Level Annotations

Branches:
Dungeon (11/15)            Temple (1/1) D:6            Lair (0/6) D:11
    Orc (2/2) D:9             Elf (0/3) Orc:2         Sewer (visited)
  IceCv (visited)

Altars:
Ashenzari
Cheibriados
Dithmenos
Elyvilon
Fedhas
Gozag
Hepliaklqana
Kikubaaqudgha
Makhleb
Nemelex Xobeh
Okawaru
Qazlal
Ru
Sif Muna
Trog
Uskayaw
Vehumet
Wu Jian
Xom
Yredelemnul
Zin
The Shining One
Beogh

Shops:
D:9 ([   Orc:2 ?([!

Annotations:
D:5 2 runed translucent doors, MisterT's ghost, novice HOFi
D:8 Prince Ribbit
D:10 2 runed translucent doors, Caedox's ghost, journeyman MiFi
D:11 2 runed translucent doors


Innate Abilities, Weirdness & Mutations

You reflexively headbutt those who attack you in melee.
You have a pair of horns on your head.
Your life essence is reduced to manifest your ancestor. (-10% HP)


Message History

The meliai is lightly wounded.
The meliai invokes the aid of its god against you.
Something smites you!
* * * LOW HITPOINT WARNING * * *
You block the meliai's attack.
The meliai stings you but does no damage.
You puncture the meliai!
The meliai is moderately wounded.
The meliai barely misses you. You block the meliai's attack.
You closely miss the meliai.
The meliai is moderately wounded.
The meliai hits you but does no damage. The meliai barely misses you.
You block the meliai's attack. x2
You closely miss the meliai.
The meliai is moderately wounded.
The meliai calls down the wrath of its god upon you.
Something smites you!
* * * LOW HITPOINT WARNING * * *
The meliai hits you with a +0 vampiric war axe!
You die...

#...........#..# #......##
#..###...####..### ##.##....##
...# ##.## #....######..####....
..####..# ###............# ##...
).###...# #.............## ##..
........###.#.####......## #..
#........................### #..
#.#####################'...####..
..#,,**,,*#..oyy@......#.........
.##,,,**,,##.)########.#.........
.#,*,,,**....#,*##.D#.##....)....
##,*,*,,##...*,#.+.y+.#..........
#,,*,,*,,#..***..#.9###.#.......#
#,,*,,**....*,*..#####....##.....
,*,*,*,##..**,*#,,,,##...######..
,*,*,*,,..o*,,,*,**,#...<# #).
,*,*,*,,,,***,***,,##...## #..


You could see a hornet, a meliai and an orc.

Vanquished Creatures
  Gastronok (D:10)
  An ogre mage (Orc:2)
  Harold (D:8)
  3 two-headed ogres
  A tengu warrior (D:11)
  5 orc high priests (Orc:2)
  Urug (D:11)
  A manticore (D:11)
  A cyclops (Orc:2)
  Maurice (D:8)
  A gargoyle (D:11)
  2 ice statues (IceCv)
  Joseph (D:9)
  4 ice devils (IceCv)
  2 trolls
  Grinder (Sewer)
  2 hippogriffs
  A wraith (D:9)
  4 hogs (D:7)
  4 yaks
  2 hungry ghosts
  A human (D:7)
  6 wargs (Orc:2)
  16 orc warriors
  2 sky beasts (D:9)
  3 necrophages
  6 ice beasts
  A phantom (Sewer)
  4 ogres
  6 centaurs
  2 elf zombies (D:9)
  3 bullfrogs
  4 scorpions
  2 wyvern skeletons (D:11)
  7 killer bees
  6 wights
  2 electric eels (D:8)
  A howler monkey (D:11)
  7 crimson imps
  6 hounds
  4 jellies
  2 gnoll shamans
  26 orc priests
  4 human zombies (D:9)
  A bullfrog skeleton (D:5)
  3 human skeletons (D:9)
  2 iguanas
  16 orc wizards
  10 worker ants
  3 big kobold zombies (Sewer)
  2 hound zombies
  A mummy (D:9)
  A worker ant zombie (D:9)
  28 gnolls
  9 adders
  4 shadow imps
  9 white imps (IceCv)
  7 ufetubi
  2 worms
  4 leopard geckos
  81 orcs
  2 ball pythons (Sewer)
  2 bat zombies (Sewer)
  12 giant cockroaches
  3 goblins (D:1)
  6 hobgoblins
  5 jackals
  3 quokkas
  8 bats
  4 frilled lizards
  A giant cockroach zombie (Sewer)
  A jackal zombie (D:5)
  22 kobolds
  2 leopard gecko skeletons
  2 quokka skeletons
  12 rats
429 creatures vanquished.

Vanquished Creatures (collateral kills)
  3 two-headed ogres (Orc:2)
  A death yak (D:11)
  3 orc high priests (Orc:2)
  Sonja (Orc:2)
  An orc knight (Orc:2)
  An orc sorcerer (Orc:2)
  An elephant (D:11)
  An ice devil (IceCv)
  2 basilisks (D:11)
  A warg (Orc:2)
  2 orc warriors (Orc:2)
  A sky beast (D:9)
  An eye of draining (D:10)
  An ogre (Orc:2)
  A centaur (D:11)
  A bullfrog (D:9)
  A killer bee (D:10)
  A jelly (D:8)
  A crimson imp (D:9)
  6 orc wizards
  8 orc priests
  A worker ant (D:11)
  3 gnolls (Orc:2)
  A white imp (IceCv)
  2 ufetubi (IceCv)
  10 orcs
  A quokka (D:11)
57 creatures vanquished.

Vanquished Creatures (others)
  A reaper (IceCv)
  8 battlemagi
  3 ancestors
  4 white imps (IceCv)
  An ufetubus (IceCv)
  A fungus (D:11)
18 creatures vanquished.

Grand Total: 504 creatures vanquished

Notes
Turn   | Place    | Note
-------+----------+-------------------------------------------
     0 | D:1      | Krapule the Minotaur Fighter began the quest for the Orb.
     0 | D:1      | Reached XP level 1. HP: 19/19 MP: 0/0
   207 | D:1      | Reached XP level 2. HP: 27/27 MP: 1/1
   902 | D:2      | Reached skill level 1 in Dodging
   902 | D:2      | Reached XP level 3. HP: 32/33 MP: 2/2
  1088 | D:2      | Found an iron altar of Okawaru.
  1341 | D:3      | Found a faded altar of an unknown god.
  1715 | D:3      | Found a glowing drain.
  1732 | D:3      | Reached XP level 4. HP: 31/40 MP: 3/3
  1763 | Sewer    | Entered a sewer
  2003 | Sewer    | Reached XP level 5. HP: 40/47 MP: 4/4
  2005 | Sewer    | Found an ancient bone altar of Kikubaaqudgha.
  2332 | Sewer    | Noticed Grinder
  2356 | Sewer    | Paralysed by Grinder for 7 turns
  2367 | Sewer    | Killed Grinder
  2367 | Sewer    | Reached skill level 5 in Fighting
  2367 | Sewer    | Reached skill level 5 in Armour
  2367 | Sewer    | Reached skill level 5 in Shields
  2367 | Sewer    | Reached XP level 6. HP: 16/56 MP: 5/5
  2703 | Sewer    | Reached XP level 7. HP: 60/61 MP: 6/6
  3337 | D:4      | Found a hide-covered altar of Uskayaw.
  3458 | D:4      | Reached skill level 5 in Maces & Flails
  3542 | D:4      | Found a shadowy altar of Dithmenos.
  4071 | D:5      | Entered Level 5 of the Dungeon
  4173 | D:5      | Reached XP level 8. HP: 70/70 MP: 7/7
  4734 | D:5      | Found a large runed translucent door.
  4734 | D:5      | Found a large runed translucent door.
  4737 | D:5      | Noticed MisterT's ghost (novice HOFi)
  4832 | D:5      | Reached skill level 5 in Dodging
  5733 | D:6      | Reached XP level 9. HP: 75/79 MP: 8/8
  5791 | D:6      | Found a staircase to the Ecumenical Temple.
  6759 | D:7      | Found a blossoming altar of Fedhas.
  6923 | D:7      | Found an opulent altar of Gozag.
  7078 | D:7      | Found a shadowy altar of Dithmenos.
  7158 | D:7      | Found a sparkling altar of Nemelex Xobeh.
  7547 | Temple   | Entered the Ecumenical Temple
  7576 | Temple   | Became a worshipper of Hepliaklqana the Forgotten
  7686 | D:8      | Noticed Prince Ribbit
  7731 | D:8      | Noticed Maurice
  7731 | D:8      | Noticed Harold
  7737 | D:8      | Reached XP level 10. HP: 58/81 MP: 9/9
  7765 | D:8      | Killed Harold
  7765 | D:8      | Reached skill level 1 in Invocations
  7782 | D:8      | HP: 4/81 [orc priest/divine providence (12)]
  8184 | D:8      | Found a stormy altar of Qazlal.
  8311 | D:8      | Found a shattered altar of Ashenzari.
  8334 | D:8      | Paralysed by Maurice for 7 turns
  8349 | D:8      | Killed Maurice
  8722 | D:8      | Reached * piety under Hepliaklqana
  9057 | D:9      | Found a basalt altar of Yredelemnul.
  9287 | D:9      | Noticed Joseph
  9294 | D:9      | Found Waod's Weapon Shoppe.
  9295 | D:9      | Found a staircase to the Orcish Mines.
  9332 | D:9      | Killed Joseph
  9349 | D:9      | Found Foyvew's Armour Shoppe.
  9363 | D:9      | Bought a +0 pair of boots for 54 gold pieces
  9393 | D:9      | Found a sacrificial altar of Ru.
  9774 | D:10     | Entered Level 10 of the Dungeon
  9782 | D:10     | Noticed Gastronok
  9794 | D:10     | Reached XP level 11. HP: 66/87 MP: 12/12
  9905 | D:10     | Noticed a two-headed ogre
  9919 | D:10     | Killed a two-headed ogre
 10066 | D:10     | Killed Gastronok
 10066 | D:10     | Reached skill level 10 in Fighting
 10066 | D:10     | Reached skill level 10 in Armour
 10066 | D:10     | Reached skill level 10 in Shields
 10116 | D:10     | Found a shimmering blue altar of Sif Muna.
 10161 | D:10     | Reached ** piety under Hepliaklqana
 10162 | D:10     | Remembered your ancestor Funestine as a battlemage
 10275 | D:10     | Found a large runed translucent door.
 10275 | D:10     | Found a large runed translucent door.
 10281 | D:10     | Noticed Caedox's ghost (journeyman MiFi)
 10421 | Orc:1    | Entered Level 1 of the Orcish Mines
 10658 | Orc:1    | Found a roughly hewn altar of Beogh.
 10947 | Orc:2    | Entered Level 2 of the Orcish Mines
 11012 | Orc:2    | Found a staircase to the Elven Halls.
 11025 | Orc:2    | Noticed a two-headed ogre
 11029 | Orc:2    | Noticed a two-headed ogre
 11033 | Orc:2    | Killed a two-headed ogre
 11037 | Orc:2    | Noticed a two-headed ogre
 11043 | Orc:2    | Killed a two-headed ogre
 11043 | Orc:2    | Reached skill level 10 in Maces & Flails
 11048 | Orc:2    | Noticed a two-headed ogre
 11052 | Orc:2    | Killed a two-headed ogre
 11053 | Orc:2    | Noticed an ogre mage
 11060 | Orc:2    | Noticed a two-headed ogre
 11063 | Orc:2    | Killed a two-headed ogre
 11077 | Orc:2    | HP: 4/90 [something/magic dart (3)]
 11493 | Orc:2    | Killed an ogre mage
 11493 | Orc:2    | Reached skill level 5 in Invocations
 11501 | Orc:2    | Killed a two-headed ogre
 11615 | Orc:2    | Reached XP level 12. HP: 82/97 MP: 14/14
 11672 | Orc:2    | Noticed an orc high priest
 11713 | Orc:2    | Killed an orc high priest
 11769 | Orc:2    | Noticed an orc high priest
 11779 | Orc:2    | Killed an orc high priest
 11949 | Orc:2    | Noticed an orc high priest
 11966 | Orc:2    | Killed an orc high priest
 12406 | Orc:2    | Noticed an orc high priest
 12429 | Orc:2    | Killed an orc high priest
 12469 | Orc:2    | Noticed an orc high priest
 12491 | Orc:2    | Killed an orc high priest
 12812 | Orc:2    | Found a roughly hewn altar of Beogh.
 12982 | Orc:2    | Noticed Sonja
 13010 | Orc:2    | Noticed an orc high priest
 13020 | Orc:2    | Noticed an orc high priest
 13024 | Orc:2    | Noticed an orc high priest
 13371 | Orc:2    | Killed an orc high priest
 13387 | Orc:2    | Killed an orc high priest
 13413 | Orc:2    | Killed Sonja
 13413 | Orc:2    | Reached skill level 10 in Dodging
 13423 | Orc:2    | Found Rifik's Distillery.
 13423 | Orc:2    | Found Nubluov's Armour Shop.
 13428 | Orc:2    | Bought a potion of heal wounds for 55 gold pieces
 13428 | Orc:2    | Bought a potion of heal wounds for 55 gold pieces
 13508 | Orc:2    | Found Hiexi's Magic Scroll Shop.
 13508 | Orc:2    | Found Afithi's Antique Weapon Shoppe.
 13570 | Orc:2    | Killed an orc high priest
 13747 | Orc:2    | Bought a scroll of enchant weapon for 127 gold pieces
 13747 | Orc:2    | Bought a scroll of acquirement for 884 gold pieces
 13747 | Orc:2    | Bought a scroll of enchant weapon for 127 gold pieces
 13747 | Orc:2    | Bought a scroll of identify for 34 gold pieces
 13747 | Orc:2    | Bought a scroll of identify for 34 gold pieces
 13747 | Orc:2    | Bought a scroll of fear for 59 gold pieces
 13747 | Orc:2    | Bought a scroll of teleportation for 51 gold pieces
 13747 | Orc:2    | Bought a scroll of teleportation for 51 gold pieces
 14005 | D:11     | Found a frozen archway.
 14036 | IceCv    | Entered an ice cave
 14187 | IceCv    | Killed a reaper
 15094 | IceCv    | Identified Sif Muna's Grimoire of Necromancy and Snow
 15386 | D:11     | Reached *** piety under Hepliaklqana
 15414 | D:11     | Noticed a tengu warrior
 15429 | D:11     | Killed a tengu warrior
 15429 | D:11     | Reached XP level 13. HP: 90/105 MP: 17/17
 15674 | D:11     | Found a staircase to the Lair.
 16330 | D:11     | Found a runed translucent door.
 16332 | D:11     | Found a runed translucent door.
 16347 | D:11     | Noticed Urug
 16367 | D:11     | Killed Urug
 16386 | D:11     | HP: 1/106 [meliai/divine providence (14)]
 16386 | D:11     | Mangled by a meliai

Levels and vault maps discovered:
D:1:      psy_arrival_fountain, layout_basic
D:2:      layout_rooms, okawaru_trees_2
D:3:      layout_basic, chequers_ecumenical_altar_simple_redux,
          portal_sewer_entry_f, first_ration
D:4:      layout_gridville, eat_drink_and_be_merry_uskayaw,
          grunt_dithmenos_smoke, corexii_checkpoint_a, minmay_misc_feat_tower,
          minmay_misc_feat_cross, minmay_misc_feat_chi
D:5:      layout_basic, ebering_ghost_disaster_area
D:6:      layout_basic, minmay_temple_entry_overgrown, minmay_holes
D:7:      layout_cave_pools, old_standard_altar,
          nemelex_xobeh_ov_fountains_minmay, nicolae_overflow_crystal_walls,
          basic_altar, grunt_livestock, corexii_leaking_fountain
D:8:      layout_basic, lemuel_doored_altar, grunt_qazlal_sundering,
          serial_glass, glass_columns_a, glass_columns_a, glass_columns_c,
          glass_columns_b, glass_columns_a, glass_columns_a, glass_columns_a,
          glass_columns_c, kennysheep_minor_cross,
          chequers_serial_rivers_small_a, hangedman_abyss_or_decor_stabs,
          grunt_tough_drop, uniq_maurice, uniq_prince_ribbit1, uniq_harold
D:9:      layout_cave_pods, nicolae_ru_sacrificial_ziggurat,
          lemuel_mausoleum_altar_yredelemnul, orc_david_3, uniq_joseph
D:10:     layout_rooms, basic_altar, ebering_ghost_disaster_area, uniq_gastronok
D:11:     minmay_the_grid_triangle_9x9_rhombus_full_mashed
          [minmay_the_grid_triangle_9x9_flanged_cone,
          minmay_the_grid_triangle_9x9_descending_squares,
          minmay_the_grid_triangle_9x9_tough_junction,
          minmay_the_grid_triangle_9x9_windchime,
          minmay_the_grid_triangle_9x9_semitri,
          minmay_the_grid_triangle_9x9_wacky_v,
          minmay_the_grid_triangle_9x9_negative_grid,
          minmay_the_grid_triangle_9x9_prize_schism], layout_layer_cave,
          david_lair_generic, portal_ice_cave_entry_pillars_2, uniq_urug
Temple:   cyrus_circular_temple
Orc:1:    layout_diamond_mine, basic_altar
Orc:2:    st_orc_town, layout_caves, uniq_sonja

Skill      XL: |  1  2  3  4  5  6  7  8  9 10 11 12 13 |
---------------+----------------------------------------+-----
Fighting       | 4 5 6 7 8 9 10 11 12 | 12.0
Armour         | 4 5 6 7 8 9 10 11 12 | 12.0
Shields        | 4 5 6 7 8 9 10 11 12 | 12.0
Dodging        | 1 2 3 4 5 6 8 9 10 | 10.5
Maces & Flails | 3 4 5 6 8 9 10 11 | 11.8
Invocations    | 3 5 6 7 |  7.1

Action                   |  1- 3 |  4- 6 |  7- 9 | 10-12 | 13-15 || total
-------------------------+-------+-------+-------+-------+-------++-------
Melee: Flail             |    46 |       |    46 |   187 |       ||   279
       Headbutt          |    22 |    21 |   114 |   195 |    18 ||   370
       Mace              |    72 |   144 |   208 |       |       ||   424
       Whip              |       |       |   343 |   658 |       ||  1001
       Eveningstar       |       |       |       |    99 |   102 ||   201
Invok: Ancestor Identity |       |       |     1 |       |       ||     1
       Ancestor Life: Ba |       |       |       |     1 |       ||     1
  Use: Scroll            |       |       |     5 |    23 |       ||    28
       Potion            |       |       |       |     2 |     2 ||     4
 Stab: Distracted        |       |       |       |     8 |       ||     8
  Eat: Chunk             |     2 |     3 |    17 |    21 |     5 ||    48
       Ration            |       |       |     1 |     1 |       ||     2
Armor: Scale mail        |    32 |       |       |       |       ||    32
       Plate armour      |    34 |    78 |   296 |   272 |    34 ||   714
Dodge: Dodged            |    30 |    28 |   135 |   252 |    44 ||   489
Block: Shield            |    72 |    53 |   299 |   406 |    48 ||   878
